 Dungeon Crawl Stone Soup version 0.23-a0-338-g8ff0b24 (webtiles) character file.

7 sking99 the Digger (level 2, 14/15 HPs)
             Began as a Gargoyle Earth Elementalist on Oct 18, 2018.
             Quit the game on level 1 of the Dungeon.
             The game lasted 00:02:06 (507 turns).

sking99 the Digger (Gargoyle Earth Elementalist)     Turns: 507, Time: 00:02:07

Health: 14/15      AC:  4    Str: 11    XL:     2   Next: 0%
Magic:  5/5        EV: 12    Int: 15    God:
Gold:   0          SH:  0    Dex: 10    Spells: 4/5 levels left

rFire    . . .     SeeInvis .   (no weapon)
rCold    . . .     Gourm    .   (no shield)
rNeg     + . .     Faith    .   c - +0 robe
rPois    ∞         Spirit   .   (no helmet)
rElec    +         Reflect  .   (no cloak)
rCorr    .         Harm     .   (no gloves)
MR       .....                  (no boots)
Stlth    ++........             (no amulet)
HPRegen  0.05/turn              (no ring)
MPRegen  0.09/turn              (no ring)

@: no status effects
A: negative energy resistance 1, electricity resistance, unbreathing,
petrification resistance, rot immunity, AC +2
a: no special abilities


You were on level 1 of the Dungeon.
You were not hungry.

You visited 1 branch of the dungeon, and saw 1 of its levels.

Inventory:

Missiles
 b - 19 stones (quivered)
Armour
 c - a +0 robe (worn)
Scrolls
 e - a scroll of remove curse {unknown}
 f - a scroll of identify {unknown}
Potions
 a - 2 potions of brilliance {unknown}
 g - 2 potions of berserk rage {unknown}
Comestibles
 d - a ration
 h - a chunk of flesh


   Skills:
 - Level 1.7 Dodging
 - Level 2.4 Stealth
 + Level 2.1 Spellcasting
   Level 0.7 Transmutations
 + Level 3.8 Earth Magic


You had 4 spell levels left.
You knew the following spells:

 Your Spells              Type           Power        Failure   Level  Hunger
a - Sandblast             Erth           ##....       4%          1    #......

Your spell library contained the following spells:

 Spells                   Type           Power        Failure   Level  Hunger
 Passwall                 Tmut/Erth      #.......     13%         2    ###....
 Stone Arrow              Conj/Erth      #.....       30%         3    ###....
 Petrify                  Tmut/Erth      #.......     65%         4    #####..
 Lee's Rapid Deconstruct  Erth           ##........   77%         5    ######.


Dungeon Overview and Level Annotations

Branches:
Dungeon (1/15)

Altars:
Nemelex Xobeh


Innate Abilities, Weirdness & Mutations

You are resistant to torment.
Your stone body is resilient. (AC +2)
You are immune to poison.
You resist negative energy. (rN+)
You are resistant to electric shocks. (rElec)
You can survive without breathing.
You are immune to petrification.
You are immune to rotting.


Message History

You hit the ooze.
The ooze is lightly wounded.
The ooze closely misses you.
You hit the ooze.
The ooze is moderately wounded.
The ooze closely misses you.
You hit the ooze but do no damage.
The ooze is moderately wounded.
The ooze barely misses you.
You hit the ooze.
The ooze is moderately wounded.
The ooze hits you.
You hit the ooze.
The ooze is heavily wounded.
The ooze hits you but does no damage.
You hit the ooze but do no damage.
The ooze is heavily wounded.
The ooze closely misses you.
Unknown command.
Are you sure you want to abandon this character and quit the game? (Confirm

..#######........
........#.........
..#####..#####...
..# ##.## ... .##
#..# #.# .# ##.#
#.######## .#
#.#####........#
.#
#........J.....#
.#
#.....?.@....!.#
#####
#.............##
≈§≈8#
#.............#
..§.#
#..####.#####...
....# ....# #.# ..
...<# ...... #.# .
....#....... #..
....#...... #..
...§#


You could see an ooze.

Vanquished Creatures
  A dart slug (D:1)
  A giant cockroach (D:1)
  A hobgoblin (D:1)
  A bat (D:1)
  A kobold (D:1)
5 creatures vanquished.

Notes
Turn   | Place    | Note
-------+----------+-------------------------------------------
     0 | D:1      | sking99 the Gargoyle Earth Elementalist began the quest for
                  | the Orb.
     0 | D:1      | Reached XP level 1. HP: 10/10 MP: 3/3
   429 | D:1      | Found a sparkling altar of Nemelex Xobeh.
   448 | D:1      | Reached XP level 2. HP: 15/15 MP: 3/5
   507 | D:1      | Quit the game

Vault maps used:
D:1:      lightli_arrival_noodles, minmay_strange_pillars,
          nemelex_diamond_rough_becter

Action                   || total
-------------------------++-------
Melee: Unarmed           ||    21
 Cast: Sandblast         ||    11
Armor: Robe              ||     9
Dodge: Dodged            ||    19

Table legend:
 A = Non-vault XP
 B = Vault XP
 C = Vault XP percentage of total XP
 D = Non-vault monster count
 E = Vault monster count
 F = Vault count percentage of total count
                 A         B        C        D         E       F
            +---------+---------+-------+---------+---------+-------
      Total |      10 |       0 |   0.0 |       5 |       0 |   0.0
            +---------+---------+-------+---------+---------+-------
        D:1 |      10 |       0 |   0.0 |       5 |       0 |   0.0
            +---------+---------+-------+---------+---------+-------
